 Dungeon Crawl Stone Soup version 0.20.1-1-g8b1a95d (webtiles) character file.

35941 vomix the Severer (level 13, -6/122 HPs)
             Began as a Minotaur Berserker on Aug 12, 2017.
             Was a High Priest of Trog.
             Splashed by an oklob plant's acid (14 damage)
             ... on level 6 of the Lair of Beasts.
             The game lasted 00:30:25 (14754 turns).

vomix the Severer (Minotaur Berserker)             Turns: 14754, Time: 00:30:27

Health: -6/122     AC:  8    Str: 27    XL:     13   Next: 50%
Magic:  12/12      EV: 12    Int:  4    God:    Trog [*****.]
Gold:   1030       SH:  0    Dex: 15    Spells: 12/12 levels left

rFire    . . .     SeeInvis .   G - +4 battleaxe (chop)
rCold    . . .     Gourm    .   (shield currently unavailable)
rNeg     . . .     Faith    .   u - +0 plate armour
rPois    +         Spirit   .   (helmet restricted)
rElec    .         Reflect  .   E - +0 cloak
rCorr    .         Harm     +   s - +0 pair of gloves
MR       ++...                  x - +2 pair of boots
Stlth    ..........             F - amulet of harm
Regen    1.3/turn               a - ring of poison resistance
MPRegen  0.2/turn               v - +5 ring of strength

@: corroded, berserk cooldown, regenerating, slowed, very slow
A: retaliatory headbutt, horns 2
a: Berserk, Trog's Hand, Brothers in Arms, Burn Spellbooks, Renounce Religion


You were on level 6 of the Lair of Beasts.
You worshipped Trog.
Trog was extremely pleased with you.
You were full.

You visited 3 branches of the dungeon, and saw 16 of its levels.
You also visited: Labyrinth and Ossuary.

You collected 1030 gold pieces.

Inventory:

Hand Weapons
 G - a +4 battleaxe of chopping (weapon)
Missiles
 T - 7 needles of paralysis
Armour
 s - a +0 pair of gloves (worn)
 u - a +0 plate armour (worn)
 x - a +2 pair of boots (worn)
 E - a +0 cloak (worn)
Jewellery
 a - a ring of poison resistance (left hand)
 o - the ring "Niotiq" {Ice *Slow rElec rN+ Stlth+}
   (You took it off a minotaur in a labyrinth)

   [ring of ice]

   It enhances your ice magic.
   It makes you vulnerable to fire.
   It protects you from cold.
   It insulates you from electricity.
   It protects you from negative energy.
   It may slow you when you take damage.
   It makes you more stealthy.
 v - a +5 ring of strength (right hand)
 F - an amulet of harm (around neck)
 V - an uncursed ring of positive energy
Wands
 j - a wand of random effects (35/48)
 K - a wand of digging (17/24)
 L - a wand of digging (8/24)
 N - a wand of flame (20/48)
 P - a wand of iceblast (3/15)
 Q - a wand of confusion (9/48)
 R - a wand of acid (6/15)
Scrolls
 e - 5 scrolls of remove curse
 h - 2 scrolls of fear
 i - 8 scrolls of teleportation
 k - 3 scrolls of magic mapping
 l - 2 scrolls of fog
 m - 10 scrolls of enchant armour
 p - 2 scrolls of immolation
 q - 2 scrolls of blinking
 t - a scroll of summoning
 y - 2 scrolls of holy word
 B - 2 scrolls of enchant weapon
 U - a scroll of silence {unknown}
Potions
 b - 3 potions of invisibility
 d - 2 potions of berserk rage
 n - 2 potions of might
 r - 2 potions of heal wounds
 w - 3 potions of degeneration {unknown}
 z - 4 potions of agility
 A - a potion of haste {unknown}
 D - 2 potions of mutation {unknown}
 H - 2 potions of flight
 I - 2 potions of curing {unknown}
Books
 J - a book of Flames

   Spells                             Type                      Level
   a - Flame Tongue                   Conjuration/Fire             1
   b - Throw Flame                    Conjuration/Fire             2
   c - Conjure Flame                  Conjuration/Fire             3
   d - Inner Flame                    Hexes/Fire                   3
   e - Sticky Flame                   Conjuration/Fire             4
   f - Fireball                       Conjuration/Fire             5
   Trog disapproves of the use of such an item.
Miscellaneous
 O - a fan of gales
 S - a lamp of fire
Comestibles
 c - 8 bread rations
 f - 15 royal jellies
 g - 13 fruits
 C - 3 meat rations


   Skills:
 + Level 13.5 Fighting
 - Level 20.0 Axes
 + Level 8.5 Armour
 + Level 8.0 Dodging


You had 12 spell levels left.
You didn't know any spells.

Dungeon Overview and Level Annotations

Branches:
Dungeon (9/15)             Temple (1/1) D:5            Lair (6/6) D:9
  Swamp (0/4) Lair:3       Spider (0/4) Lair:3        Slime (0/5) Lair:5
    Orc: D:9-12

Altars:
Ashenzari
Cheibriados
Dithmenos
Elyvilon
Fedhas
Gozag
Hepliaklqana
Kikubaaqudgha
Makhleb
Nemelex Xobeh
Okawaru
Qazlal
Ru
Sif Muna
Trog
Uskayaw
Vehumet
Xom
Yredelemnul
Zin
The Shining One

Annotations:
Lair:6 exclusion: oklob plant


Innate Abilities, Weirdness & Mutations

You reflexively headbutt those who attack you in melee.
You have a pair of horns on your head.


Message History

The splash of acid hits you!
* * * LOW HITPOINT WARNING * * *
You are splashed with acid!
The acid burns!
* * * LOW HITPOINT WARNING * * *
The oklob plant spits acid at you. The splash of acid hits you!
You are splashed with acid!
The acid burns!
* * * LOW HITPOINT WARNING * * *
You feel much better. The oklob plant spits acid at you.
The splash of acid hits you!
* * * LOW HITPOINT WARNING * * *
The acid corrodes you!
You are splashed with acid!
The acid burns!
* * * LOW HITPOINT WARNING * * *
You hit the oklob plant but do no damage.
You hit the fungus. The oklob plant spits acid at you.
The splash of acid hits you!
* * * LOW HITPOINT WARNING * * *
The acid corrodes you!
You are splashed with acid!
The acid burns!
You die...

.......P............#......#.## #
###................#....####.####
##...#P...P.....####### ####P^
####..............#.# #P.
...................# ##..
P.##..<.##.........## ##..#
.P####...##.........##### ##..÷#
.####...P#......P....##.####.#.#.
..#.....###.....@PP..............
.................................
...................#.............
...♣########+++########♣.......♣#
..## ##....♣## ### ##♣♣♣#


You could see an oklob plant.

Vanquished Creatures
  A minotaur (Lab)
  3 hydras
  10 death yaks (Lair:6)
  4 elephants (Lair:3)
  3 black mambas
  6 spiny frogs
  7 rime drakes
  6 komodo dragons
  2 polar bears
  A queen bee (D:8)
  A hornet (D:9)
  A troll (D:9)
  23 blink frogs
  Prince Ribbit (D:7)
  13 dream sheep
  4 hippogriffs
  The ghost of Bearstalker the Chopper, an amateur GrGl of Fedhas (D:4)
  A wyvern (Lair:2)
  Eustachio (D:5)
  11 yaks
  A basilisk (Lair:5)
  A human (D:6)
  A swamp worm (Lair:3)
  9 water moccasins
  7 porcupines
  An orc warrior (D:8)
  A black bear (D:9)
  A phantom (D:9)
  7 ogres
  3 centaurs
  25 crocodiles
  A gnoll sergeant (D:9)
  15 bullfrogs
  4 elf zombies (Ossuary)
  2 scorpions
  23 killer bees
  2 howler monkeys
  2 crimson imps (D:9)
  2 centaur zombies
  3 hounds
  11 jellies
  3 orc priests
  9 worker ants
  5 hell rats (Lair:5)
  8 orc wizards
  A killer bee zombie (D:5)
  A big kobold zombie (Ossuary)
  A hound zombie (D:9)
  2 mummies (Ossuary)
  4 gnolls (D:9)
  9 adders
  2 shadow imps
  3 oozes
  2 adder skeletons
  3 adder zombies
  4 worms
  6 leopard geckos
  28 orcs
  3 giant cockroaches
  5 goblins
  5 hobgoblins
  16 jackals
  11 kobolds
  4 quokkas
  A ball python (D:2)
  8 bats
  5 frilled lizards
  A giant cockroach zombie (D:5)
  3 goblin zombies (Ossuary)
  9 hobgoblin zombies (Ossuary)
  2 jackal skeletons (D:4)
  9 kobold zombies (Ossuary)
  A leopard gecko skeleton (D:6)
  9 orc zombies (Ossuary)
  10 rats
  7 fungi
  6 plants
428 creatures vanquished.

Vanquished Creatures (others)
  2 centaurs (D:5)
  A scorpion (D:5)
  8 fungi
  3 plants (Lair:6)
14 creatures vanquished.

Grand Total: 442 creatures vanquished

Notes
Turn   | Place    | Note
-------+----------+-------------------------------------------
     0 | D:1      | vomix the Minotaur Berserker began the quest for the Orb.
     0 | D:1      | Reached XP level 1. HP: 19/19 MP: 0/0
   161 | D:1      | Reached XP level 2. HP: 21/27 MP: 1/1
   164 | D:1      | Reached skill level 4 in Axes
   398 | D:2      | Reached XP level 3. HP: 25/34 MP: 2/2
   463 | D:2      | Reached ** piety under Trog
   616 | D:2      | Found a shattered altar of Ashenzari.
   658 | D:2      | Reached skill level 5 in Axes
   658 | D:2      | Reached XP level 4. HP: 29/41 MP: 3/3
   704 | D:2      | Found a faded altar of an unknown god.
  1029 | D:3      | Reached skill level 5 in Fighting
  1660 | D:4      | Reached *** piety under Trog
  1660 | D:4      | Reached XP level 5. HP: 48/48 MP: 4/4
  1673 | D:4      | Noticed Bearstalker's ghost (amateur GrGl)
  1701 | D:4      | Killed Bearstalker's ghost
  1701 | D:4      | Reached skill level 6 in Axes
  1701 | D:4      | Reached XP level 6. HP: 17/58 MP: 5/5
  2115 | D:4      | Reached skill level 7 in Axes
  2434 | D:4      | Found an opulent altar of Gozag.
  2434 | D:4      | Found a deep blue altar of Sif Muna.
  2435 | D:4      | Found a sacrificial altar of Ru.
  2660 | D:4      | Reached XP level 7. HP: 66/66 MP: 6/6
  2969 | D:5      | Entered Level 5 of the Dungeon
  2991 | D:5      | Found a sand-covered staircase.
  2996 | Ossuary  | Entered an ossuary
  3101 | Ossuary  | Reached **** piety under Trog
  3201 | Ossuary  | Reached skill level 8 in Axes
  3332 | D:5      | Found a shimmering altar of Xom.
  3337 | D:5      | Found a shadowy altar of Dithmenos.
  3364 | D:5      | Found a staircase to the Ecumenical Temple.
  3364 | D:5      | Noticed Eustachio
  3379 | D:5      | Killed Eustachio
  3379 | D:5      | Reached XP level 8. HP: 77/77 MP: 7/7
  3394 | Temple   | Entered the Ecumenical Temple
  3876 | D:5      | Got a crude long sword {drain}
  4158 | D:5      | Identified the +3 long sword of Babeumad {drain, rN+} (You took it off an orc wizard on level 5 of the Dungeon)
  4237 | D:5      | Found a shadowy altar of Dithmenos.
  4325 | D:5      | Reached skill level 9 in Axes
  5280 | D:6      | Noticed a moth of wrath
  5308 | D:6      | Reached skill level 10 in Fighting
  5318 | D:6      | Found a bloodstained altar of Trog.
  5492 | D:6      | Reached skill level 10 in Axes
  5600 | D:6      | Found a runed door.
  5603 | D:6      | Found a basalt altar of Yredelemnul.
  5682 | D:6      | Found a snail-covered altar of Cheibriados.
  6003 | D:7      | Reached XP level 9. HP: 86/86 MP: 8/8
  6007 | D:7      | Reached ***** piety under Trog
  6488 | D:7      | Noticed Prince Ribbit
  6500 | D:7      | Killed Prince Ribbit
  6500 | D:7      | Reached skill level 11 in Axes
  6821 | D:8      | Found an opulent altar of Gozag.
  7082 | D:8      | Found a sparkling altar of Nemelex Xobeh.
  7096 | D:8      | Noticed a queen bee
  7117 | D:8      | Reached skill level 12 in Axes
  7134 | D:8      | Killed a queen bee
  7160 | D:8      | Reached skill level 13 in Axes
  7498 | D:8      | Reached XP level 10. HP: 96/96 MP: 9/9
  7908 | D:9      | Found an iron altar of Okawaru.
  7933 | D:9      | Paralysed by a hornet for 1 turns
  8006 | D:9      | Reached skill level 14 in Axes
  8117 | D:9      | Found a staircase to the Lair.
  8515 | D:9      | Reached skill level 15 in Axes
  8568 | Lair:1   | Entered Level 1 of the Lair of Beasts
  8708 | Lair:1   | Noticed a seven-headed hydra
  8717 | Lair:1   | Killed a ten-headed hydra
  8915 | Lair:1   | Reached skill level 16 in Axes
  9020 | Lair:1   | Noticed a spiny frog
  9025 | Lair:1   | Reached XP level 11. HP: 102/102 MP: 10/10
  9028 | Lair:1   | Received a gift from Trog
  9577 | Lair:2   | Reached skill level 17 in Axes
  9906 | Lair:2   | Reached skill level 18 in Axes
 10604 | Lair:3   | Reached skill level 19 in Axes
 10774 | Lair:3   | Reached XP level 12. HP: 100/110 MP: 11/11
 10782 | Lair:3   | Found a hole to the Spider Nest.
 11087 | Lair:3   | Found a staircase to the Swamp.
 11325 | Lair:4   | Noticed a four-headed hydra
 11329 | Lair:4   | Killed a five-headed hydra
 11799 | Lair:4   | Reached skill level 20 in Axes
 12034 | Lair:5   | Found a labyrinth entrance.
 12052 | Lab      | Entered a labyrinth
 12496 | Lab      | Noticed a minotaur
 12501 | Lab      | Killed a minotaur
 12503 | Lab      | Got a sparkling turquoise ring
 12507 | Lab      | Identified the Volume of Intoxication and Companions
 12534 | Lab      | Identified the ring "Niotiq" {Ice *Slow rElec rN+ Stlth+} (You took it off a minotaur in a labyrinth)
 12600 | Lair:5   | Noticed a five-headed hydra
 12602 | Lair:5   | Found a burning altar of Makhleb.
 12604 | Lair:5   | Killed a six-headed hydra
 12808 | Lair:5   | Found a staircase to the Slime Pits.
 13129 | Lair:6   | Entered Level 6 of the Lair of Beasts
 13166 | Lair:6   | Reached skill level 5 in Armour
 13200 | Lair:6   | Reached skill level 5 in Dodging
 13292 | Lair:6   | Noticed a death yak
 13293 | Lair:6   | Noticed a death yak
 13294 | Lair:6   | Noticed a death yak
 13295 | Lair:6   | Noticed a death yak
 13295 | Lair:6   | Noticed a death yak
 13305 | Lair:6   | Killed a death yak
 13307 | Lair:6   | Killed a death yak
 13307 | Lair:6   | Reached XP level 13. HP: 44/119 MP: 12/12
 13583 | Lair:6   | Reached ****** piety under Trog
 13617 | Lair:6   | Received a gift from Trog
 14754 | Lair:6   | Splashed by an oklob plant's acid

Skill      XL: |  1  2  3  4  5  6  7  8  9 10 11 12 13 |
---------------+----------------------------------------+-----
Fighting       | 4 5 6 7 8 10 11 12 13 | 13.5
Axes           | 4 5 6 7 8 10 13 16 19 20 | 20.0
Armour         | 6 8 |  8.5
Dodging        | 6 8 |  8.0

Action                   |  1- 3 |  4- 6 |  7- 9 | 10-12 | 13-15 || total
-------------------------+-------+-------+-------+-------+-------++-------
Melee: Hand axe          |    54 |   141 |   161 |       |       ||   356
       Headbutt          |     6 |    19 |    69 |    86 |    17 ||   197
       War axe           |       |       |   189 |   136 |       ||   325
       Battleaxe         |       |       |       |   218 |    73 ||   291
Invok: Berserk           |       |     2 |     7 |    10 |     2 ||    21
       Trog's Hand       |       |     1 |     2 |     5 |     1 ||     9
       Burn Spellbooks   |       |       |       |     2 |     1 ||     3
  Use: Potion            |       |     3 |     1 |       |     1 ||     5
       Scroll            |       |       |    16 |     7 |       ||    23
  Eat: Chunk             |       |     4 |     3 |    19 |     3 ||    29
       Bread ration      |       |     1 |     1 |     1 |     1 ||     4
       Meat ration       |       |     1 |     2 |       |     1 ||     4
       Royal jelly       |       |       |     1 |     1 |       ||     2
Armor: Animal skin       |     8 |     2 |       |       |       ||    10
       Ring mail         |       |    43 |       |       |       ||    43
       Skin              |       |    10 |       |       |       ||    10
       Plate armour      |       |       |   208 |   168 |    24 ||   400
Dodge: Dodged            |    39 |    71 |   136 |   111 |    15 ||   372
